 Dungeon Crawl Stone Soup version 0.18-a0-1523-gbe15c29 (webtiles) character file.

29 4thArraOfDagon the Ducker (level 3, -4/17 HPs)
             Began as a Felid Abyssal Knight on Mar 7, 2016.
             Was a Follower of Lugonu.
             Slain by a hound (6 damage)
             ... on level 5 of the Dungeon.
             The game lasted 00:01:41 (290 turns).

4thArraOfDagon the Ducker (Felid Abyssal Knight)     Turns: 290, Time: 00:01:41

Health: -4/17      AC:  1    Str:  8    XL:     3   Next: 1%
Magic:  5/5        EV: 18    Int: 18    God:    Lugonu [*.....]
Gold:   0          SH:  0    Dex: 16    Spells: 0 memorised, 2 levels left
                                        Lives:  0   Deaths: 0

rFire  . . .     SeeInvis +       - Unarmed
rCold  . . .     Gourm    .     (armour unavailable)
rNeg   . . .     Faith    .     (shield unavailable)
rPois  .         Spirit   .     (helmet unavailable)
rElec  .         Dismiss  .     (cloak unavailable)
rCorr  .         Reflect  .     (gloves unavailable)
SustAt .         Harm     .     (boots unavailable)
MR     .....     Rnd*Tele +     (no amulet)
Stlth  +++.......               (no ring)
                                f - ring of teleportation (curse)

@: brilliant, lethally poisoned (-4 -> -10), quick, not resistant to hostile
enchantments, fairly stealthy
A: no armour, no weapons or thrown items, claws 1, fangs 3, see invisible,
carnivore 3, speed 1, shaggy fur 1, slow metabolism 1, sharp paws
a: Depart the Abyss, Renounce Religion


You were on level 5 of the Dungeon.
You worshipped Lugonu.
Lugonu was aware of your devotion.
You were very full.

You visited 1 branch of the dungeon, and saw 5 of its levels.
You visited the Abyss 1 time.

Inventory:

Jewellery
 f - a cursed ring of teleportation (left paw)
Wands
 h - a wand of paralysis (11/24)
Scrolls
 b - 2 scrolls of remove curse
 c - a scroll of immolation {unknown}
Potions
 e - a potion of flight
Comestibles
 a - a meat ration


   Skills:
 - Level 3.0 Fighting
 - Level 3.2 Dodging
 * Level 3.1 Stealth
 - Level 2.6 Unarmed Combat
 - Level 1.7 Invocations


You had 2 spell levels left.
You didn't know any spells.

Dungeon Overview and Level Annotations

Branches:
Dungeon (5/15)
 Temple: D:4-7

Altars:


Innate Abilities, Weirdness & Mutations

You cannot wear armour.
You are incapable of wielding weapons or throwing items.
You have sharp claws.
You have razor-sharp teeth.
You have supernaturally acute eyesight.
You are carnivorous and can eat meat at any time.
You cover ground quickly.
You are covered in fur (AC +1).
You have a slow metabolism.
Your sharp claws are effective at attacking unaware monsters.


Message History

The hound is lightly wounded.
You feel sick. The hound barely misses you.
You scratch the hound.
The hound is heavily wounded.
The hound misses you. The hound bites you.
You barely miss the hound.
The hound is heavily wounded.
The hound bites you.
You scratch the hound.
The hound is severely wounded.
The hound closely misses you. The hound bites you.
* * * LOW HITPOINT WARNING * * *
You barely miss the hound.
The hound is severely wounded.
* * * LOW HITPOINT WARNING * * *
You feel sick. The hound misses you.
You closely miss the hound.
The hound is severely wounded.
The hound bites you.
You die...

# .##
..## #..
#.. #.#
#.# .#
#@# .#
#h# .#
#S###.#
#h##..#
#Sh..#
###..#
##hh#
#...#
#####h#.#


You could see a hound, 2 adders and 2 jackals.

Vanquished Creatures
  2 adders
  An ooze (D:4)
  A hobgoblin (D:2)
  2 jackals (D:5)
  3 rats
9 creatures vanquished.

Notes
Turn   | Place    | Note
--------------------------------------------------------------
     0 | Abyss:1  | 4thArraOfDagon the Felid Abyssal Knight began the quest for the Orb.
     0 | Abyss:1  | Reached XP level 1. HP: 10/10 MP: 3/3
    26 | Abyss:1  | Noticed a lorocyproca
    29 | Abyss:1  | Noticed a starcursed mass
    29 | Abyss:1  | Noticed an unseen horror
    31 | D:1      | Escaped the Abyss
   153 | D:2      | Reached skill level 1 in Stealth
   202 | D:4      | Reached XP level 2. HP: 7/14 MP: 4/4
   248 | D:5      | Entered Level 5 of the Dungeon
   269 | D:5      | Reached * piety under Lugonu
   269 | D:5      | Reached XP level 3. HP: 17/17 MP: 5/5
   290 | D:5      | Slain by a hound

Vault maps used:
D:1:      evilmike_arrival_crescent
D:2:      old_standard_altar, lemuel_coloured_pillars_altar,
          nicolae_overflow_hidden_temple, first_bread
D:3:      cheibriados_altar_wand_db
D:4:      yredelemnul_altar_generic, nicolae_tso_swordbearing_angel
D:5:      grunt_dithmenos_smoke, minmay_temple_entry_hall, enter_ossuary_5,
          makhleb_blood_cavern_becter

Skill      XL: |  1  2 |
---------------+-------+-----
Stealth        | 1 3 |  3.1
Fighting       | |  3.0
Dodging        | |  3.2
Unarmed Combat | |  2.6
Invocations    | |  1.7

Action                   || total
-------------------------++-------
Melee: Unarmed           ||    39
Invok: Depart the Abyss  ||     1
  Use: Scroll            ||     3
       Potion            ||     2
 Stab: Sleeping          ||     2
  Eat: Chunk             ||     4
